General information
			
			
        
        - name: jay3
 
        - type: Custom game
 
        - host: TALONSAREIMBA
 
        - saver: TALONSAREIMBA
 
        
map: TwistedMeadows 
        - players: 3
 
        - length: 36:28
 
        - speed: Fast
 - version: 1.22 W3XP
 - replay type:  Public
 
» download(307 KB)
Players
        team 1 (winner) 
              
              
TALONSAREIMBA (
red | 144 APM | 5246 actions | 36:28)
              
 7 Archmage 
 3 Summon Water Elemental
 3 Brilliance Aura
 1 Mass Teleport
 7 Mountain King 
 3 Storm Bolt
 3 Bash
 1 Avatar
 5 Paladin 
 3 Holy Light
 2 Devotion Aura
 
                » actions 
                
                | Assign group hotkey | 76 |  | 
| Basic commands | 401 |  | 
| Build / train | 115 |  | 
| ESC pressed | 5 |  | 
| Enter build submenu | 27 |  | 
| Enter hero's abilities submenu | 22 |  | 
| Give item / drop item | 1 |  | 
| Right click | 2196 |  | 
| Select / deselect | 1285 |  | 
| Select group hotkey | 930 |  | 
| Use ability | 188 |  | 
                5246 total
 » units 
                
                | Peasant | 20 |  | 
| Footman | 4 |  | 
| Rifleman | 7 |  | 
| Spell Breaker | 7 |  | 
| Priest | 2 |  | 
| Flying Machine | 2 |  | 
| Mortar Team | 6 |  | 
| Knight | 3 |  | 
| Dragonhawk Rider | 2 |  | 
| Gryphon Rider | 8 |  | 
                61 total
 » upgrades
                
                | Long Rifles | 1 |  | 
| Priest Training | 2 |  | 
| Masonry | 1 |  | 
| Magic Sentry | 1 |  | 
| Fragmentation Shards | 1 |  | 
| Animal War Training | 1 |  | 
| Storm Hammers | 1 |  | 
| Swords | 2 |  | 
| Cloud | 1 |  | 
                11 total
 » buildings
                
                | Altar of Kings | 1 |  | 
| Farm | 10 |  | 
| Barracks | 1 |  | 
| Scout Tower | 1 |  | 
| Arcane Tower | 1 |  | 
| Blacksmith | 1 |  | 
| Arcane Vault | 1 |  | 
| Keep | 1 |  | 
| Lumber Mill | 1 |  | 
| Arcane Sanctum | 2 |  | 
| Castle | 1 |  | 
| Town Hall | 2 |  | 
| Workshop | 2 |  | 
| Gryphon Aviary | 2 |  | 
                27 total
 » build order
                00:03 Altar of Kings
00:05 Farm
00:22 Barracks
00:38 Farm
01:50 Scout Tower
01:55 Farm
02:21 Arcane Tower
02:46 Blacksmith
03:07 Arcane Vault
03:20 Farm
03:51 Farm
04:55 Keep
04:56 Farm
04:59 Farm
06:39 Farm
07:14 Lumber Mill
07:52 Arcane Sanctum
08:02 Arcane Sanctum
09:48 Castle
10:06 Farm
11:23 Town Hall
14:11 Workshop
16:15 Workshop
21:10 Gryphon Aviary
21:11 Gryphon Aviary
21:37 Town Hall
30:01 Farm
» items
                
                | Scroll of Regeneration | 6 |  | 
| Lesser Clarity Potion | 2 |  | 
| Potion of Mana | 2 |  | 
| Boots of Speed | 1 |  | 
| Scroll of Town Portal | 3 |  | 
| Potion of Healing | 2 |  | 
| Orb of Fire | 1 |  | 
| Mechanical Critter | 1 |  | 
                18 total
  
               team 2 (loser) 
              
              
CruelJustice (
blue | 155 APM | 5426 actions | 34:58)
              
 5 Archmage 
 3 Summon Water Elemental
 2 Brilliance Aura
 4 Pandaren Brewmaster 
 2 Breath of Fire
 1 Drunken Haze
 1 Drunken Brawler
 2 Paladin 
 1 Holy Light
 1 Divine Shield
 
                » actions 
                
                | Assign group hotkey | 96 |  | 
| Basic commands | 96 |  | 
| Build / train | 119 |  | 
| Enter build submenu | 38 |  | 
| Enter hero's abilities submenu | 12 |  | 
| Give item / drop item | 1 |  | 
| Remove unit from queue | 11 |  | 
| Right click | 1920 |  | 
| Select / deselect | 793 |  | 
| Select group hotkey | 2117 |  | 
| Use ability | 215 |  | 
                5426 total
 » units 
                
                | Peasant | 18 |  | 
| Footman | 13 |  | 
| Sorceress | 2 |  | 
| Spell Breaker | 7 |  | 
| Rifleman | 1 |  | 
| Goblin Zeppelin | 1 |  | 
| Knight | 4 |  | 
| Priest | 4 |  | 
| Dragonhawk Rider | 6 |  | 
                56 total
 » upgrades
                
                | Swords | 1 |  | 
| Animal War Training | 1 |  | 
| Priest Training | 2 |  | 
                4 total
 » buildings
                
                | Altar of Kings | 3 |  | 
| Barracks | 3 |  | 
| Farm | 14 |  | 
| Keep | 3 |  | 
| Scout Tower | 1 |  | 
| Arcane Vault | 3 |  | 
| Arcane Tower | 2 |  | 
| Blacksmith | 1 |  | 
| Arcane Sanctum | 5 |  | 
| Town Hall | 2 |  | 
| Lumber Mill | 1 |  | 
| Castle | 3 |  | 
| Gryphon Aviary | 4 |  | 
                45 total
 » build order
                00:05 Altar of Kings
00:18 Barracks
00:33 Farm
00:48 Farm
01:29 Farm
03:22 Farm
03:54 Keep
03:54 Keep
03:54 Keep
03:55 Farm
03:59 Scout Tower
04:45 Arcane Vault
05:04 Arcane Tower
05:04 Arcane Tower
05:06 Blacksmith
06:24 Arcane Sanctum
06:26 Arcane Sanctum
07:33 Town Hall
09:43 Arcane Sanctum
10:24 Lumber Mill
10:39 Arcane Sanctum
10:42 Farm
10:43 Farm
10:44 Farm
11:44 Farm
13:13 Arcane Sanctum
13:15 Arcane Vault
13:48 Castle
13:49 Castle
13:49 Castle
16:39 Barracks
18:38 Barracks
22:12 Town Hall
27:02 Altar of Kings
27:26 Altar of Kings
30:30 Gryphon Aviary
30:32 Gryphon Aviary
30:35 Gryphon Aviary
31:45 Gryphon Aviary
32:46 Arcane Vault
32:53 Farm
32:54 Farm
32:54 Farm
32:55 Farm
32:55 Farm
» items
                
                | Lesser Clarity Potion | 3 |  | 
| Scroll of Regeneration | 8 |  | 
| Potion of Healing | 1 |  | 
| Scroll of Town Portal | 2 |  | 
                14 total
  
               team 3 (loser) 
              
              
PiNKGLiTTeRBuG (
teal | 41 APM | 1507 actions | 36:27)
              
 5 Death Knight 
 3 Death Coil
 2 Unholy Aura
 4 Pandaren Brewmaster 
 2 Breath of Fire
 2 Drunken Haze
 
                » actions 
                
                | Basic commands | 5 |  | 
| Build / train | 70 |  | 
| Enter build submenu | 36 |  | 
| Enter hero's abilities submenu | 9 |  | 
| Give item / drop item | 2 |  | 
| Remove unit from queue | 4 |  | 
| Right click | 803 |  | 
| Select / deselect | 488 |  | 
| Use ability | 89 |  | 
                1507 total
 » units 
                
                | Acolyte | 7 |  | 
| Ghoul | 5 |  | 
| Crypt Fiend | 12 |  | 
| Gargoyle | 1 |  | 
| Abomination | 7 |  | 
| Obsidian Statue | 3 |  | 
| Forest Troll Shadow Priest | 1 |  | 
| Goblin Zeppelin | 1 |  | 
| Frost Wyrm | 3 |  | 
                40 total
 » upgrades
                
                | Disease Cloud | 1 |  | 
| Web | 1 |  | 
| Destroyer Form | 1 |  | 
| Unholy Strength | 1 |  | 
| Unholy Armor | 1 |  | 
                5 total
 » buildings
                
                | Ziggurat | 14 |  | 
| Altar of Darkness | 2 |  | 
| Graveyard | 2 |  | 
| Crypt | 1 |  | 
| Tomb of Relics | 2 |  | 
| Halls of the Dead | 1 |  | 
| Spirit Tower | 4 |  | 
| Slaughterhouse | 1 |  | 
| Black Citadel | 1 |  | 
| Sacrificial Pit | 1 |  | 
| Boneyard | 1 |  | 
| Necropolis | 4 |  | 
| Nerubian Tower | 1 |  | 
                35 total
 » build order
                00:56 Ziggurat
01:03 Altar of Darkness
01:10 Graveyard
01:16 Crypt
01:31 Tomb of Relics
01:37 Ziggurat
02:02 Ziggurat
04:05 Halls of the Dead
05:04 Spirit Tower
05:05 Spirit Tower
05:37 Ziggurat
06:27 Slaughterhouse
06:56 Black Citadel
08:35 Tomb of Relics
10:19 Sacrificial Pit
11:26 Spirit Tower
12:19 Ziggurat
12:26 Ziggurat
12:30 Ziggurat
18:17 Ziggurat
18:19 Ziggurat
29:16 Ziggurat
29:19 Ziggurat
29:24 Ziggurat
30:16 Boneyard
30:22 Altar of Darkness
30:28 Spirit Tower
30:32 Graveyard
30:55 Necropolis
31:49 Necropolis
32:49 Necropolis
33:08 Ziggurat
33:13 Ziggurat
34:46 Nerubian Tower
35:35 Necropolis
» items
                
                | Rod of Necromancy | 1 |  | 
| Potion of Healing | 2 |  | 
| Orb of Corruption | 1 |  | 
| Potion of Mana | 1 |  | 
                5 total
  
                Chat log
          (00:08 / All) PiNKGLiTTeRBuG: ;o
(00:12 / All) TALONSAREIMBA: I like how at the one fight
(00:13 / All) TALONSAREIMBA: at your shop
(00:26 / All) TALONSAREIMBA: I lost like 5 units
(00:28 / All) CruelJustice: u were in last game?
(00:36 / All) PiNKGLiTTeRBuG: no
(00:45 / All) CruelJustice: it was funny
(00:47 / All) TALONSAREIMBA: MK first pretty bad
(00:54 / All) CruelJustice: tell th00 that
(01:04 / All) TALONSAREIMBA: I should of been bolting grunts
(01:06 / All) TALONSAREIMBA: instead of your bm
(01:18 / All) CruelJustice: hindsight is always 2020
(01:31 / All) TALONSAREIMBA: dunno when u got dust
(01:36 / All) TALONSAREIMBA: u always wanna kill the bm
(02:08 / All) TALONSAREIMBA: wow am stuck
(02:28 / All) PiNKGLiTTeRBuG: my basebuild is pro
(02:35 / All) CruelJustice: ok
(02:46 / All) PiNKGLiTTeRBuG: or i think it is
(03:58 / All) PiNKGLiTTeRBuG: u seemy base yet?
(04:57 / All) PiNKGLiTTeRBuG: HEY
(09:21 / All) CruelJustice: double teamed
(09:23 / All) CruelJustice: gtfo
(09:30 / All) PiNKGLiTTeRBuG: i love that
(09:32 / All) PiNKGLiTTeRBuG: 2 heros
(09:33 / All) PiNKGLiTTeRBuG: one rod
(09:36 / All) PiNKGLiTTeRBuG: 4 skellys
(10:45 / All) PiNKGLiTTeRBuG: i dont think im doing to bad
(11:57 / All) PiNKGLiTTeRBuG: TALONS
(11:58 / All) PiNKGLiTTeRBuG: ur good
(12:00 / All) PiNKGLiTTeRBuG: ;O
(16:06 / All) TALONSAREIMBA: gay
(17:46 / All) PiNKGLiTTeRBuG: jay UR FAT
(18:07 / All) PiNKGLiTTeRBuG: I seriously dont no waht to get
(18:41 / All) PiNKGLiTTeRBuG: hello?
(18:42 / All) PiNKGLiTTeRBuG: any1 here
(18:47 / All) TALONSAREIMBA: microing
(18:54 / All) PiNKGLiTTeRBuG: ahh
(22:58 / All) PiNKGLiTTeRBuG: whats is it mass breakers knights?
(24:30 / All) PiNKGLiTTeRBuG: procoil
(25:39 / All) PiNKGLiTTeRBuG: SO
(25:42 / All) PiNKGLiTTeRBuG: hows the game
(26:19 / All) CruelJustice: i dont c
(26:22 / All) CruelJustice: why humansgo panda
(26:24 / All) CruelJustice: in mirror
(26:27 / All) TALONSAREIMBA: u dont
(26:28 / All) CruelJustice: mk so good
(26:30 / All) TALONSAREIMBA: not when i go breakers
(26:31 / All) PiNKGLiTTeRBuG: i like panda
(26:44 / All) CruelJustice: in some hu mirrors
(26:51 / All) CruelJustice: they go pandasecond
(27:01 / All) TALONSAREIMBA: i dislike that
(28:35 / All) PiNKGLiTTeRBuG: ]
(29:07 / All) CruelJustice: how come
(29:13 / All) CruelJustice: a lvcl 3 hero
(29:24 / All) CruelJustice: seems to revive slower than lvl 5?
(29:36 / All) PiNKGLiTTeRBuG: IM LOSING
(29:39 / All) PiNKGLiTTeRBuG: SAVE me
(29:45 / All) CruelJustice: lkol
(29:46 / All) CruelJustice: lol
(29:55 / All) PiNKGLiTTeRBuG: he has 4 gryphs
(29:56 / All) PiNKGLiTTeRBuG: ern
(30:05 / All) PiNKGLiTTeRBuG: AND HEROS
(31:09 / All) TALONSAREIMBA: wow why didn;'t
(31:11 / All) TALONSAREIMBA: i play this good
(31:13 / All) TALONSAREIMBA: earlier today
(31:16 / All) TALONSAREIMBA: what the fuck
(31:21 / All) PiNKGLiTTeRBuG: U play vs necro
(31:23 / All) PiNKGLiTTeRBuG: i suck
(31:28 / All) CruelJustice: im
(31:29 / All) CruelJustice: wasted
(33:18 / All) PiNKGLiTTeRBuG: i have a desT?
(33:24 / All) CruelJustice: u do?
(33:28 / All) PiNKGLiTTeRBuG: YA
(33:28 / All) CruelJustice: kill his gryphs
(33:41 / All) PiNKGLiTTeRBuG: i have one dest
(33:52 / All) CruelJustice: lol
(33:56 / All) CruelJustice: if u heard
(34:01 / All) CruelJustice: how loud i laughed
(34:03 / All) CruelJustice: when u said that
(34:24 / All) PiNKGLiTTeRBuG: plus
(34:27 / All) PiNKGLiTTeRBuG: he had his heros
(34:32 / All) PiNKGLiTTeRBuG: i know his gryphs
(34:35 / All) PiNKGLiTTeRBuG: cant attack me
(34:37 / All) PiNKGLiTTeRBuG: im not dumb
(35:51 / All) PiNKGLiTTeRBuG: i win!